 Dungeon Sprint DCSS version 0.19-a0-1834-g6b7851e (webtiles) character file.

779 George the Grappler (level 7, 0/80 HPs)
             Began as a Troll Monk on Oct 9, 2016.
             Was an Elder of Cheibriados.
             Slain by a cyclops (16 damage)
             ... in the Dungeon (Sprint IX: "|||||||||||||||||||||||||||||").
             The game lasted 00:02:00 (262 turns).

George the Grappler (Troll Monk)                     Turns: 262, Time: 00:02:00

Health: 0/80       AC:  7    Str: 32    XL:     7   Next: 54%
Magic:  4/10       EV: 16    Int: 15    God:    Cheibriados [****..]
Gold:   0          SH:  0    Dex: 23    Spells: 0 memorised, 6 levels left

rFire  . . .     SeeInvis .       - Unarmed
rCold  . . .     Gourm    +     a - +0 robe
rNeg   . . .     Faith    .     (no shield)
rPois  .         Spirit   .     (helmet restricted)
rElec  .         Dismiss  .     (no cloak)
rCorr  .         Reflect  .     (gloves unavailable)
MR     .....     Harm     .     (boots unavailable)
Stlth  ++........ NoTele   +    (no amulet)
                                n - +3 ring of strength
                                m - +2 ring of protection

@: very slow
A: unfitting armour, claws 3, fast metabolism 3, gourmand, regeneration 1,
shaggy fur 1, tough skin 2
a: Bend Time, Temporal Distortion, Slouch, Renounce Religion


You were in the Dungeon.
You worshipped Cheibriados.
Cheibriados was greatly pleased with you.
You were completely stuffed.

You visited 1 branch

Inventory:

Hand Weapons
 g - a +2 morningstar of crushing
 i - a +0 club
Armour
 a - a +0 robe (worn)
Jewellery
 m - a +2 ring of protection (left claw)
 n - a +3 ring of strength (right claw)
Wands
 e - a wand of lightning (7/15)
Scrolls
 h - 2 scrolls of blinking
 k - 3 scrolls of remove curse
 l - 2 scrolls of amnesia
Potions
 c - 5 potions of curing
 d - 3 potions of heal wounds
 f - 4 potions of magic
 j - a potion of invisibility
Comestibles
 b - 2 bread rations
 o - 8 chunks of flesh


   Skills:
 + Level 8.0 Fighting
 + Level 8.0 Dodging
 - Level 1.0 Stealth
 + Level 9.5 Unarmed Combat
 + Level 5.4 Invocations


You had 6 spell levels left.
You didn't know any spells.

Dungeon Overview and Level Annotations

Branches:
Dungeon (1/1)

Altars:
Cheibriados
Dithmenos
Elyvilon
Fedhas
Gozag
Hepliaklqana
Kikubaaqudgha
Makhleb
Nemelex Xobeh
Okawaru
Qazlal
Ru
Sif Muna
Trog
Uskayaw
Vehumet
Xom
Yredelemnul
Zin
The Shining One
Beogh
Jiyva
Lugonu


Innate Abilities, Weirdness & Mutations

You are too large for most types of armour.
You have claws for hands.
Your metabolism is lightning-fast.
You like to eat raw meat.
Your natural rate of healing is unusually fast.
You are covered in fur. (AC +1)
You have very tough skin. (AC +2)


Message History

The yak is almost dead.
The yak barely misses you.
You scratch the yak but do no damage.
The yak is almost dead.
The yak gores you!
You barely miss the yak.
The yak is almost dead.
You mangle the yak!!
You kill the yak!
Cheibriados appreciates the change of pace.
Your Fighting skill increases to level 8!
Your Dodging skill increases to level 8!
Your Invocations skill increases to level 5!
The cyclops throws a large rock.
The large rock hits you!! The cyclops hits you!!
* * * LOW HITPOINT WARNING * * *
You see here a yak corpse.
The flow of time bends around you.
The cyclops resists with some effort.
You feel slightly less full. The cyclops hits you!
You die...

▓'▓
▓)▓
▓.▓
▓.▓
▓.▓
▓.▓
▓.▓
▓(▓
▓@▓
▓C▓
▓u▓
▓O▓
▓c▓
▓K▓
▓+▓


You could see a red ugly thing, a cyclops, a two-headed ogre, a big kobold and a
centaur.

Vanquished Creatures
  A yak (D)
  A hungry ghost (D)
  An orc warrior (D)
  An ice beast (D)
  A phantom (D)
  A bullfrog (D)
  A scorpion (D)
  A howler monkey (D)
  A jelly (D)
  A worker ant (D)
  An adder (D)
  A dart slug (D)
  A goblin (D)
  A hobgoblin (D)
  A jackal (D)
  A kobold (D)
  A ball python (D)
17 creatures vanquished.

Notes
Turn   | Place    | Note
-------+----------+-------------------------------------------
     0 | D        | George the Troll Monk began the quest for the Orb.
     0 | D        | Reached XP level 1. HP: 22/22 MP: 0/0
    49 | D        | Noticed a scorpion
    49 | D        | Noticed a worker ant
    49 | D        | Noticed a jelly
    49 | D        | Noticed a phantom
    53 | D        | Killed a scorpion
    53 | D        | Reached skill level 5 in Unarmed Combat
    53 | D        | Reached XP level 2. HP: 21/32 MP: 1/1
    53 | D        | Reached XP level 3. HP: 26/39 MP: 2/2
    57 | D        | Reached XP level 4. HP: 35/49 MP: 3/3
    64 | D        | Reached skill level 5 in Fighting
    64 | D        | Reached skill level 5 in Dodging
    64 | D        | Reached skill level 6 in Unarmed Combat
    83 | D        | Killed a phantom
    83 | D        | Reached skill level 7 in Unarmed Combat
    83 | D        | Reached XP level 5. HP: 27/59 MP: 4/4
   141 | D        | Found a roughly hewn altar of Beogh.
   141 | D        | Found a snail-covered altar of Cheibriados.
   141 | D        | Found a shadowy altar of Dithmenos.
   141 | D        | Found a white marble altar of Elyvilon.
   141 | D        | Found a blossoming altar of Fedhas.
   141 | D        | Found an opulent altar of Gozag.
   142 | D        | Found a hazy altar of Hepliaklqana.
   143 | D        | Found a viscous altar of Jiyva.
   144 | D        | Found an ancient bone altar of Kikubaaqudgha.
   145 | D        | Became a worshipper of Cheibriados the Contemplative
   145 | D        | Reached * piety under Cheibriados
   145 | D        | Reached ** piety under Cheibriados
   146 | D        | Found a corrupted altar of Lugonu.
   147 | D        | Found a burning altar of Makhleb.
   148 | D        | Found a sparkling altar of Nemelex Xobeh.
   149 | D        | Found an iron altar of Okawaru.
   150 | D        | Found a stormy altar of Qazlal.
   151 | D        | Found a sacrificial altar of Ru.
   152 | D        | Found a deep blue altar of Sif Muna.
   153 | D        | Found a bloodstained altar of Trog.
   154 | D        | Found a hide-covered altar of Uskayaw.
   155 | D        | Found a radiant altar of Vehumet.
   156 | D        | Found a shimmering altar of Xom.
   157 | D        | Found a basalt altar of Yredelemnul.
   158 | D        | Found a glowing silver altar of Zin.
   159 | D        | Found a glowing golden altar of the Shining One.
   191 | D        | Noticed a hungry ghost
   191 | D        | Noticed an orc warrior
   191 | D        | Noticed an ice beast
   196 | D        | Reached skill level 1 in Invocations
   200 | D        | Killed a hungry ghost
   200 | D        | Reached skill level 8 in Unarmed Combat
   200 | D        | Reached XP level 6. HP: 71/71 MP: 4/7
   203 | D        | Killed an orc warrior
   203 | D        | Reached *** piety under Cheibriados
   213 | D        | Killed an ice beast
   213 | D        | Reached skill level 9 in Unarmed Combat
   213 | D        | Reached XP level 7. HP: 50/78 MP: 5/9
   216 | D        | Reached **** piety under Cheibriados
   253 | D        | Noticed a yak
   253 | D        | Noticed a cyclops
   253 | D        | Noticed a two-headed ogre
   253 | D        | Noticed a red ugly thing
   260 | D        | Killed a yak
   260 | D        | Reached skill level 5 in Invocations
   262 | D        | Slain by a cyclops

Vault maps used:
D:        linesprint

Skill      XL: |  1  2  3  4  5  6  7 |
---------------+----------------------+-----
Fighting       | 4 6 7 8 |  8.0
Dodging        | 4 6 7 8 |  8.0
Unarmed Combat | 5 7 8 9 |  9.5
Invocations    | 3 4 5 |  5.4
Stealth        | |  1.0

Action                   |  1- 3 |  4- 6 |  7- 9 || total
-------------------------+-------+-------+-------++-------
Melee: Unarmed           |    19 |    33 |     8 ||    60
       Punch             |       |     1 |       ||     1
Invok: Bend Time         |       |       |     2 ||     2
  Eat: Chunk             |     4 |     1 |     5 ||    10
Armor: Robe              |     5 |     5 |     2 ||    12
Dodge: Dodged            |     6 |    13 |     1 ||    20
